AoeStats
← mofo

Oasis

510054009Analyzed
2v2 RM · 5d ago on Sep 29, 2026· 50m 18s· 4 players
Game mode
Random Map
Map size
Medium (4 player)
Population
200
Speed
Normal
Resources
Standard
Victory
Conquest
Starting age
Dark Age
Ending age
Imperial Age
RankedLock teamsTeams togetherTeam positionsShared explorationLock speedFull tech treeHidden civsTurbo modeCheats
Victory
Defeat
1176
+15
🇰🇬 Jurchens · Kyrgyzstan
1162
+16
🇩🇪 Persians · Germany
1159
-16
🇩🇪 Varangians · Germany
1156
-15
bagagagag
4:45 Loom
10:23 Feudal Age
11:37 Double-Bit Axe
22:53 Castle Age
20:40 Horse Collar
20:54 Gold Mining
21:56 Scale Mail Armor
22:09 Bloodlines
27:37 Elite Skirmisher
33:26 Bow Saw
34:10 Thumb Ring
39:10 Imperial Age
37:14 Heavy Plow
37:16 Fletching
38:31 Wheelbarrow
38:42 Ballistics
39:09 Bodkin Arrow
40:30 Scale Barding Armor
41:37 Chemistry
40:51 Husbandry
42:13 Hand Cart
42:43 Town Watch
44:00 Two-Man Saw
43:26 Masonry
Kunta
5:58 Loom
10:48 Feudal Age
12:37 Horse Collar
17:19 Castle Age
19:11 Double-Bit Axe
23:09 Fletching
23:52 Bow Saw
24:00 Gold Mining
24:44 Husbandry
26:39 Bloodlines
27:58 Heavy Plow
34:33 Imperial Age
36:51 Town Watch
38:57 Two-Man Saw
38:50 Wheelbarrow
39:53 Onager
44:01 Stone Mining
47:57 Forging
48:39 Scale Barding Armor
伐伐伐伐伐木工
2:24 Loom
11:01 Feudal Age
17:22 Castle Age
17:12 Double-Bit Axe
21:51 Wheelbarrow
28:15 Imperial Age
26:12 Crossbowman
26:58 Thumb Ring
31:53 Hand Cart
34:14 Fletching
34:25 Padded Archer Armor
34:53 Elite Skirmisher
38:27 Squires
38:06 Pikeman
39:56 Arson
43:55 Gambesons
46:00 Conscription
45:25 Horse Collar
45:40 Gold Mining
47:09 Halberdier
49:19 Bodkin Arrow
49:34 Forging
49:25 Scale Mail Armor
50:06 Arbalester
mofo
0:26 Loom
9:18 Feudal Age
10:03 Double-Bit Axe
19:21 Castle Age
17:43 Fletching
17:49 Gold Mining
19:08 Stone Mining
20:28 Bow Saw
21:12 Wheelbarrow
22:17 Horse Collar
24:38 Town Watch
25:41 Hand Cart
35:40 Imperial Age
33:37 Heavy Plow
34:16 Town Patrol
34:28 Bodkin Arrow
35:14 Ballistics
34:37 Treadmill Crane
36:05 Husbandry
36:15 Bloodlines
36:21 Bloodlines
36:45 Bracer
37:51 Heavy Cavalry Archer
38:42 Scale Barding Armor
38:38 Padded Archer Armor
40:35 Chain Barding Armor
40:16 Padded Archer Armor
41:19 Gold Shaft Mining
41:20 Stone Shaft Mining
42:08 Chemistry
42:53 Plate Barding Armor
42:33 Leather Archer Armor
43:41 Masonry
43:53 Elite Iron Pagoda
47:54 Two-Man Saw
48:44 Conscription
51:17 Ring Archer Armor
50:59 Forging
Connection lost

Rejoining the realm…

Still unreachable

The connection could not be restored.

Session expired

The server has moved on; the page needs a fresh start.